 Zot Defence DCSS version 0.15.2 (webtiles) character file.

1310 ponk the Cleaver (level 8, 0/63 (66) HPs)
             Began as a Hill Orc Fighter on Jan 15, 2017.
             Slain by Oxza Rugg the orange rat (10 damage)
             ... in the Realm of Zot (Scenario I: Hall of Zot).
             The game lasted 00:14:09 (1043 turns).

ponk the Cleaver (Hill Orc Fighter)                 Turns: 1043, Time: 00:14:09

HP   0/63 (66)   AC  6     Str 21      XL: 8   Next: 58%
MP   8/8         EV  6     Int  8      God:
Gold 0           SH  9     Dex 10      Spells:  0 memorised,  7 levels left

rFire  . . .     SeeInvis .     a - +0 war axe
rCold  . . .     Clarity  .     b - +0 scale mail
rNeg   . . .     rCorr    .     c - +0 shield
rPois  .         rRot     .     (no helmet)
rElec  .         Spirit   .     (no cloak)
SustAb .         Warding  .     (no gloves)
rMut   .         Stasis   .     (no boots)
Gourm  .                        (no amulet)
MR     .....                    (no ring)
                                (no ring)

@: drained, not resistant to hostile enchantments, extremely unstealthy
A: no striking features
a: Make oklob sapling, Make arrow trap, Make plant, Remove Curse, Make burning
bush, Make altar, Make grenades, Make oklob plant, Make net trap


You were in the Realm of Zot.
You were not hungry.

You visited 1 branch

Inventory:

Hand weapons
 a - a +0 war axe (weapon)
Armour
 b - a +0 scale mail (worn)
 c - a +0 shield (worn)
Comestibles
 f - a chunk of gnoll flesh
Scrolls
 k - a scroll of blinking
Potions
 d - 3 potions of curing
 h - a potion of haste
 i - 2 potions of magic
 j - a potion of berserk rage


   Skills:
 - Level 4.0(3.7) Fighting
 * Level 12.6(12.2) Axes
 - Level 3.6(3.3) Armour
 - Level 3.5(3.2) Shields


You had 7 spell levels left.
You didn't know any spells.

Dungeon Overview and Level Annotations

Branches:
    Zot (1/1)

Altars:
Trog


Message History

Oxza Rugg writhes in agony as its flesh is eaten away!
Oxza Rugg twitches its whiskers.
Oxza Rugg bites you!
You hit Oxza Rugg.
Oxza Rugg is heavily wounded.
Oxza Rugg bites you!
* * * LOW HITPOINT WARNING * * *
You feel drained.
* * * LOW HITPOINT WARNING * * *
Your oklob sapling spits acid at Oxza Rugg.
The splash of acid hits Oxza Rugg.
Your oklob sapling spits acid at Oxza Rugg.
The splash of acid hits Oxza Rugg.
Oxza Rugg writhes in agony as its flesh is eaten away! 2 green rats come into view.
You are too injured to fight recklessly!
You hit Oxza Rugg but do no damage.
Oxza Rugg is severely wounded.
Oxza Rugg bites you!
You die...

▓▓▓▓▓▓▓▓ ▓▓▓▓▓▓▓▓ ....▓▓▓▓
▓▓▓▓.... .......▓▓▓ ▓▓▓.......
.........▓▓ ▓▓.........
..........▓ ▓▓▓▓▓▓▓▓▓ ▓..........
..........▓▓▓...P...▓▓▓..........
..........▓▓....P..%.▓▓..........
..........▓...%rP.....▓..........
.........^^..)))@)((.^r^.........
.........r▓..%..P()%%.▓%.........
..........▓▓....P....▓▓..........
..........▓▓▓...P...▓▓▓..........
..........# ▓▓▓▓▓▓▓▓▓ #..........
.........## ##.........
.......### ###....... ....####
####.... ######### #########


You could see Oxza Rugg the orange rat (bleeding), 2 green rats and 6 friendly
oklob saplings.

Vanquished Creatures
  A hell hound (Zot)
  A worker ant (Zot)
  A sheep (Zot)
  4 oozes (Zot)
  A giant cockroach (Zot)
  A goblin (Zot)
  2 jackals (Zot)
  6 kobolds (Zot)
  A quokka (Zot)
  4 bats (Zot)
  A giant newt (Zot)
  A kobold skeleton (Zot)
  2 rats (Zot)
26 creatures vanquished.

Vanquished Creatures (collateral kills)
  2 wolves (Zot)
  An ogre (Zot)
  A gnoll shaman (Zot)
  A sheep (Zot)
  A goliath beetle (Zot)
  3 hounds (Zot)
  An orc wizard (Zot)
  3 iguanas (Zot)
  A gnoll (Zot)
  7 green rats (Zot)
  5 adders (Zot)
  2 giant mites (Zot)
  3 hobgoblins (Zot)
  11 jackals (Zot)
  6 quokkas (Zot)
  2 bats (Zot)
  A giant cockroach (Zot)
  2 giant newts (Zot)
  8 goblins (Zot)
  5 kobolds (Zot)
  8 rats (Zot)
74 creatures vanquished.

Vanquished Creatures (others)
  2 oklob saplings (Zot)
  3 rats (Zot)
5 creatures vanquished.

Grand Total: 105 creatures vanquished

Notes
Turn   | Place    | Note
--------------------------------------------------------------
     0 | Zot      | ponk, the Hill Orc Fighter, began the quest for the Orb.
     0 | Zot      | Reached XP level 1. HP: 19/19 MP: 1/1
   201 | Zot      | Reached XP level 2. HP: 25/27 MP: 2/2
   224 | Zot      | Reached skill level 4 in Fighting
   270 | Zot      | Reached XP level 3. HP: 26/33 MP: 3/3
   338 | Zot      | Reached skill level 5 in Axes
   338 | Zot      | Reached XP level 4. HP: 29/37 MP: 4/4
   424 | Zot      | Reached XP level 5. HP: 38/43 MP: 5/5
   465 | Zot      | Reached skill level 6 in Axes
   483 | Zot      | Noticed a wolf
   489 | Zot      | Killed a wolf
   489 | Zot      | Reached skill level 8 in Axes
   489 | Zot      | Reached XP level 6. HP: 45/49 MP: 6/6
   493 | Zot      | Noticed a wolf
   496 | Zot      | Killed a wolf
   496 | Zot      | Reached skill level 9 in Axes
   496 | Zot      | Reached XP level 7. HP: 52/56 MP: 7/7
   546 | Zot      | Reached skill level 10 in Axes
   784 | Zot      | Reached skill level 11 in Axes
   806 | Zot      | Reached XP level 8. HP: 37/63 MP: 8/8
   930 | Zot      | Reached skill level 12 in Axes
  1043 | Zot      | Slain by Oxza Rugg the orange rat

Action                   |  1- 3 |  4- 6 |  7- 9 || total
-------------------------+-------+-------+-------++-------
Melee: War axe           |    42 |    30 |    40 ||   112
 Abil: Make oklob saplin |     1 |     2 |     5 ||     8
       Make arrow trap   |       |       |     5 ||     5
       Make altar        |       |       |     1 ||     1
  Use: Potion            |       |       |     2 ||     2
 Stab: Distracted        |       |       |     1 ||     1
  Eat: Meat ration       |       |     1 |       ||     1
